AoeStats
← Silent George

MegaRandom

508908223Analyzed
2v2 RM · 8d ago on Sep 24, 2026· 43m 48s· 4 players
Game mode
Random Map
Map size
Medium (4 player)
Population
200
Speed
Normal
Resources
Standard
Victory
Conquest
Starting age
Dark Age
Ending age
Imperial Age
RankedLock teamsTeams togetherTeam positionsShared explorationLock speedFull tech treeHidden civsTurbo modeCheats
Victory
Defeat
🇮🇹 Britons · Italy
809
+13
778
+14
🇧🇪 Berbers · Belgium
750
-14
🇫🇷 Franks · France
734
-13
ncatrix
13:57 Feudal Age
15:41 Wheelbarrow
14:54 Double-Bit Axe
16:46 Gold Mining
17:10 Stone Mining
22:50 Castle Age
21:59 Scale Barding Armor
23:57 Husbandry
24:17 Hand Cart
24:22 Bow Saw
28:00 Siphons
30:01 Fortified Wall
31:11 Ballistics
31:57 Chain Barding Armor
31:33 Guard Tower
34:46 Masonry
34:32 Murder Holes
34:17 Treadmill Crane
34:20 Ordonnance Companies
40:57 Imperial Age
40:35 Gold Shaft Mining
Silent George
0:28 Loom
14:02 Feudal Age
14:36 Town Watch
25:44 Forging
25:20 Man-at-Arms
26:43 Scale Mail Armor
27:04 Fletching
30:12 Castle Age
30:14 Long Swordsman
30:55 Squires
32:55 Bodkin Arrow
33:02 Padded Archer Armor
37:06 Arson
37:39 Chain Mail Armor
40:00 Imperial Age
40:33 Leather Archer Armor
40:50 Bracer
Barbabietola
10:51 Feudal Age
13:42 Loom
19:48 Castle Age
26:45 Imperial Age
26:16 Fletching
26:25 Stone Mining
26:22 Double-Bit Axe
26:21 Horse Collar
29:21 Wheelbarrow
28:34 Town Watch
29:54 Bow Saw
30:11 Bodkin Arrow
29:52 Pikeman
31:00 Gold Mining
31:45 Squires
31:50 Padded Archer Armor
31:51 Scale Mail Armor
32:24 Conscription
33:12 Bracer
33:37 Ballistics
33:07 Halberdier
33:59 Heavy Plow
34:33 Treadmill Crane
35:04 Masonry
37:13 Elite Longbowman
39:23 Leather Archer Armor
39:19 Forging
40:05 Warwolf
41:05 Ring Archer Armor
孤儿院剑圣月夜狐
0:42 Loom
10:26 Feudal Age
11:58 Horse Collar
14:22 Double-Bit Axe
17:34 Scale Mail Armor
17:47 Forging
23:05 Castle Age
21:16 Gold Mining
23:13 Arson
24:03 Squires
23:24 Eagle Warrior
24:44 Chain Mail Armor
25:05 Iron Casting
25:25 Gold Shaft Mining
26:27 Wheelbarrow
27:33 Bow Saw
30:30 Hand Cart
32:15 Heavy Plow
34:57 Treadmill Crane
36:21 Stone Mining
40:35 Imperial Age
40:36 Elite Jaguar Warrior
42:02 Garland Wars
42:31 Conscription
43:31 Blast Furnace
43:59 Plate Mail Armor
Connection lost

Rejoining the realm…

Still unreachable

The connection could not be restored.

Session expired

The server has moved on; the page needs a fresh start.